 Dungeon Crawl Stone Soup version 0.28-a0-1518-gbe868bca14 (webtiles) character file.

Game seed: 15645224861925082542

60 issech the Vexing (level 3, 0/20 HPs)
             Began as a Deep Elf Arcane Marksman on Jan 16, 2022.
             Killed from afar by Natasha (6 damage)
             ... with a magic dart
             ... on level 2 of the Dungeon on Jan 17, 2022.
             The game lasted 00:12:58 (2147 turns).

issech the Vexing (Deep Elf Arcane Marksman)        Turns: 2147, Time: 00:12:58

Health: 0/20       AC:  6    Str:  7    XL:     3   Next: 80%
Magic:  7/7        EV: 25    Int: 17    God:
Gold:   36         SH:  0    Dex: 17    Spells: 4/5 levels left

rFire   + . .      SeeInvis .   a - +0 shortbow
rCold   . . .      Faith    .   (shield currently unavailable)
rNeg    . . .      Spirit   .   b - +0 ring mail
rPois   .          Reflect  .   (no helmet)
rElec   .          Harm     .   h - +0 cloak
rCorr   .          Rampage  .   (no gloves)
Will    .....                   (no boots)
Stlth   +.........              w - amulet of the acrobat
HPRegen 0.06/turn               t - ring of protection from fire
MPRegen 0.10/turn               (no ring)

@: acrobatic, slowed, very slow
A: no striking features
a: no special abilities


You were on level 2 of the Dungeon.
You visited 1 branch of the dungeon, and saw 2 of its levels.

You collected 36 gold pieces.

Inventory:

Hand Weapons
 a - a +0 shortbow (weapon)
 i - a +0 club
 k - a +0 club
 p - a +0 club
 q - a +0 dagger
 u - a +0 spear
 v - a +0 club
Missiles
 e - 18 stones
 f - 42 sling bullets
 r - 40 bolts
Armour
 b - a +0 ring mail (worn)
 d - a +0 robe
 h - a +0 cloak (worn)
 n - a +0 ring mail
Jewellery
 t - a ring of protection from fire (left hand)
 w - an amulet of the acrobat (around neck)
Scrolls
 g - a scroll of fog {unknown}
 j - a scroll of immolation
 m - 4 scrolls of identify {unknown}
 s - a scroll of fear {unknown}
Potions
 l - a potion of haste {unknown}
 o - a potion of curing
 x - a potion of cancellation {unknown}
 z - a potion of ambrosia {unknown}


   Skills:
 + Level 1.3 Fighting
 + Level 3.9 Bows
 + Level 0.4 Armour
 + Level 3.1 Dodging
 + Level 0.2 Stealth
 + Level 1.5 Spellcasting
 + Level 4.5 Hexes


You had 4 spell levels left.
You knew the following spells:

 Your Spells              Type           Power      Damage    Failure   Level
a - Slow                  Hex            64%        N/A       11%         1

Your spell library contained the following spells:

 Spells                   Type           Power      Damage    Failure   Level
 Inner Flame              Hex/Fire       8%         N/A       63%         3
 Portal Projectile        Hex/Tloc       16%        N/A       63%         3
 Cause Fear               Hex            8%         N/A       73%         4
 Gell's Gravitas          Tloc           1%         N/A       91%         3
 Teleport Other           Tloc           1%         N/A       91%         3
 Dispersal                Tloc           0%         N/A       100%        6


Dungeon Overview and Level Annotations

Branches:
Dungeon (2/15)

Altars:

Shops:
D:1 ?

Annotations:
D:2 Natasha


Message History

You shoot an arrow. The arrow barely misses Natasha.
Natasha mumbles some strange words.
Fire: 2 arrows
Press: ? - help, Q - select action, (/) - cycle Shift-Dir - straight line, f/p - Natasha
Aim: Natasha (53% to hit)
You shoot an arrow. The arrow closely misses Natasha.
Natasha stares at you and mumbles some strange words.
You feel yourself slow down. Natasha casts a spell at you.
You feel as though you will be slow longer.
Fire: arrow
Press: ? - help, Q - select action, (/) - cycle Shift-Dir - straight line, f/p - Natasha
Aim: Natasha (53% to hit)
You shoot an arrow. The arrow barely misses Natasha.
Natasha stares at you and mumbles some strange words.
You feel as though you will be slow longer.
The crimson imp blinks!
Natasha mumbles some strange words.
Natasha casts a spell.
Natasha extends her claws.
The iron imp grins evilly.
Natasha mumbles some strange words.
Natasha glows brightly for a moment.
Natasha stares at you and mumbles some strange words.
The magic dart hits you!
The crimson imp blinks!
The crimson imp disappears in a puff of smoke!
Natasha casts a spell at you. The magic dart hits you.
* * * LOW HITPOINT WARNING * * *
You see here a hobgoblin corpse.
Unknown command.
The crimson imp blinks!
Natasha extends her claws.
Natasha completely misses you.
Natasha drinks a potion.
Natasha seems to grow stronger.
The crimson imp laughs crazily.
The crimson imp misses you.
The crimson imp blinks!
Natasha casts a spell at you. The magic dart hits you.
You die...

.. ## ### ..# #.# #.# #.# #.#
#@# . ###.# #.# ..
...####§#############...
#......h.†...5..§5(.(.(#
##.####.#########.......
.######.####.# #.######
.............# ####.######
#######.###########..........
#.# #.........##.######


You could see Natasha (strong).

Vanquished Creatures
  3 adders
  A dart slug (D:1)
  5 bats
  4 endoplasms (D:1)
  2 giant cockroaches (D:1)
  2 goblins (D:1)
  4 hobgoblins
  A quokka (D:1)
  2 ball pythons
  2 frilled lizards
  2 kobolds (D:1)
  2 rats
30 creatures vanquished.

Notes
Turn   | Place    | Note
-------+----------+-------------------------------------------
     0 | D:1      | issech the Deep Elf Arcane Marksman began the quest for the
                  | Orb.
     0 | D:1      | Reached XP level 1. HP: 11/11 MP: 5/5
   313 | D:1      | Reached XP level 2. HP: 16/16 MP: 6/6
   399 | D:1      | Found a faded altar of an unknown god.
   874 | D:1      | Found Unuqa's Magic Scroll Emporium.
   929 | D:1      | You fall into a shaft and drop 1 floor!
   968 | D:1      | Reached skill level 1 in Fighting
   968 | D:1      | Reached XP level 3. HP: 17/20 MP: 7/7
  1682 | D:2      | HP: 1/20 [poisoned by an adder]
  2118 | D:2      | Noticed Natasha
  2147 | D:2      | Killed from afar by Natasha

Illustrated notes

Levels and vault maps discovered:
D:1:      amcnicky_arrival_double_pillar, layout_basic, serial_shops,
          nicolae_shop_window_shopping, hellmonk_ecumenical_altar_blasted,
          lemuel_old_faithful
D:2:      layout_loops_ring, dk_vineyard_2, minmay_circle_x, uniq_natasha

Skill      XL: |  1  2 |
---------------+-------+-----
Bows           | 3 |  3.9
Dodging        | 3 |  3.1
Fighting       | 1 |  1.3
Armour         | |  0.4
Stealth        | |  0.2
Spellcasting   | |  1.5
Hexes          | |  4.5

Action                   || total
-------------------------++-------
Melee: Spear             ||     6
       Club              ||     2
 Fire: Shortbow          ||    91
  Use: Potion            ||     1
Armor: Ring mail         ||    27
Dodge: Dodged            ||    30

Table legend: (Time is in decaauts)
 A = Elapsed time spent in this place.
 B = Non-inter-level travel time spent in this place.
 C = Inter-level travel time spent in this place.
 D = Time resting spent in this place.
 E = Time spent auto-exploring this place.
 F = Levels seen in this place.
 G = Mean time per level.
                   A        B        C        D        E       F      G
               +--------+--------+--------+--------+--------+-----+--------+
         Total |   2168 |   2168 |      0 |    510 |    427 |   2 | 1084.0 |
       Dungeon |   2168 |   2168 |      0 |    510 |    427 |   2 | 1084.0 |
               +--------+--------+--------+--------+--------+-----+--------+

Top non-repeatable levels by time:
     D:1: 1608 daAuts
     D:2: 560 daAuts
